 Dungeon Crawl Stone Soup version 0.31.0 (webtiles) character file.

Game seed: 8817088913199521317

15 qw the Shooter (level 2, -3/17 HPs)
             Began as a Gargoyle Hunter on Jan 20, 2024.
             Slain by Terence
             ... wielding a +0 flail
              (6 damage)
             ... on level 2 of the Dungeon.
             The game lasted 00:00:01 (640 turns).

qw the Shooter (Gargoyle Hunter)                     Turns: 640, Time: 00:00:02

Health: -3/17      AC:  7    Str: 14    XL:     2   Next: 50%
Magic:  2/2        EV: 10    Int:  9    God:
Gold:   24         SH:  0    Dex: 13    Spells: 1/1 levels left

rFire   . . .        a - +0 shortbow
rCold   . . .        (shield currently unavailable)
rNeg    + . .        d - +0 ring mail
rPois   inf          (no helmet)
rElec   +            (no cloak)
rCorr   .            (no gloves)
SInv    .            (no boots)
Will    .....        (no amulet)
Stlth   +            (no ring)
HPRegen 0.22/turn    (no ring)
MPRegen 0.08/turn

%: no passive effects
@: no status effects
A: sickness immunity, AC +2, negative energy resistance 1, electricity
resistance, torment resistance 1, petrification resistance
a: no special abilities


You were on level 2 of the Dungeon.
You visited 1 branch of the dungeon, and saw 2 of its levels.

You collected 24 gold pieces.


Innate Abilities, Weirdness & Mutations

You are immune to sickness and miasma.
Your stone body is resilient. (AC +2)
You are immune to poison.
You resist negative energy. (rN+)
You are resistant to electric shocks. (rElec)
You are resistant to unholy torment.
You are immune to petrification.


   Skills:
 - Level 2.1 Fighting
 - Level 4.6 Ranged Weapons
 + Level 0.2 Armour
 - Level 1.5 Dodging
 - Level 1.1 Stealth


You had one spell level left.
You didn't know any spells.
Your spell library was empty.

Inventory:

Hand Weapons
 a - a +0 shortbow (weapon)
Armour
 d - a +0 ring mail (worn)
Potions
 f - a potion of cancellation {unknown}

Dungeon Overview and Level Annotations

Branches:
Dungeon (2/15)

Altars:

Annotations:
D:2 Terence


Message History

Terence the Incautious comes into view.
He is wielding a +0 flail.
Terence shouts!
You shoot an arrow.
The arrow hits Terence but does no damage.
You shoot an arrow. The arrow barely misses Terence.
You shoot an arrow. The arrow barely misses Terence.
A bat comes into view.
A hobgoblin comes into view.
The bat moves out of view.
You shoot an arrow. The arrow hits Terence.
Terence is lightly wounded.
Terence shouts, "Get ready for death!"
You shoot an arrow. The arrow closely misses Terence.
The arrow completely misses the hobgoblin.
The arrow barely misses the bat.
Terence completely misses you.
You shoot an arrow.
The arrow hits Terence but does no damage.
Terence is lightly wounded.
Terence barely misses you.
You shoot an arrow. The arrow closely misses Terence.
The arrow hits the hobgoblin!
You kill the hobgoblin!
Terence hits you with a +0 flail. The bat barely misses you.
Terence hits you with a +0 flail.
You shoot an arrow. The arrow closely misses Terence.
The bat closely misses you. Terence closely misses you.
You shoot an arrow.
The arrow hits Terence but does no damage.
Terence is lightly wounded.
The bat barely misses you. The bat hits you but does no damage.
Terence hits you with a +0 flail.
You shoot an arrow. The arrow closely misses Terence.
The arrow barely misses the bat.
Terence hits you with a +0 flail! The bat hits you but does no damage.
You shoot an arrow.
The arrow hits Terence but does no damage.
Terence is lightly wounded.
The bat hits you but does no damage. Terence hits you with a +0 flail.
You die...
Terence says, "That felt goooood."

#.# #.. #.#
#.. #.# #.#
#.# #.# #<#
#.#
#.#######.#
#.........#
#########.#
#@# #b.@#
#.#.# #.#.#
# #.# #.#
#.# ...


You could see Terence and a bat.

Vanquished Creatures
  4 goblins (D:1)
  2 hobgoblins
  2 ball pythons (D:1)
  2 frilled lizards (D:1)
  3 kobolds (D:1)
  3 rats (D:1)
16 creatures vanquished.

Notes
Turn   | Place    | Note
-------+----------+-------------------------------------------
     0 | D:1      | qw the Gargoyle Hunter began the quest for the Orb.
     0 | D:1      | Reached XP level 1. HP: 12/12 MP: 1/1
     0 | D:1      | 0 ||| qw: Version: 0.3-a-132-g3d54051
     0 | D:1      | 0 ||| qw: Game counter: 515
     0 | D:1      | 0 ||| qw: Melee chars always use a shield: true
     0 | D:1      | 0 ||| qw: God list: Okawaru
     0 | D:1      | 0 ||| qw: Allow faded altars: false
     0 | D:1      | 0 ||| qw: Do Orc after clearing Dungeon:15 true
     0 | D:1      | 0 ||| qw: Do second Lair branch before Depths: true
     0 | D:1      | 0 ||| qw: Lair rune preference: random
     0 | D:1      | 0 ||| qw: Goals: Normal
     0 | D:1      | 0 ||| PLANNING D:1-11
   401 | D:1      | Reached XP level 2. HP: 17/17 MP: 2/2
   571 | D:1      | 571 ||| UPGRADING to +0 ring mail.
   581 | D:1      | 581 ||| DROPPING +0 leather armour.
   582 | D:1      | 582 ||| READING scroll labelled SOH TUNANAMON.
   582 | D:1      | 582 ||| ENCHANTING +0 shortbow.
   583 | D:1      | 583 ||| READING 3 scrolls labelled YGGEAKKUKIKH.
   584 | D:1      | 584 ||| DROPPING scroll of butterflies.
   585 | D:1      | 585 ||| DROPPING 2 scrolls of revelation.
   629 | D:2      | Noticed Terence
   639 | D:2      | HP: 3/17 [Terence/+0 flail (7)]
   640 | D:2      | Slain by Terence

Levels and vault maps discovered:
D:1:      dpeg_arrival_tiny_a, layout_basic
D:2:      layout_loops_ring, nicolae_twisty_statue_hallways, uniq_terence,
          uniq_natasha

Action                     || total
---------------------------++-------
   Fire: Shortbow          ||    49
    Use: Scroll            ||     2
 Armour: Leather armour    ||     4
         Ring mail         ||     8
  Dodge: Dodged            ||    13

Table legend:
 A = Non-vault XP
 B = Vault XP
 C = Vault XP percentage of total XP
 D = Non-vault monster count
 E = Vault monster count
 F = Vault count percentage of total count
                 A         B        C        D         E       F
            +---------+---------+-------+---------+---------+-------
      Total |      22 |       0 |   0.0 |      16 |       0 |   0.0
            +---------+---------+-------+---------+---------+-------
        D:1 |      20 |       0 |   0.0 |      15 |       0 |   0.0
        D:2 |       2 |       0 |   0.0 |       1 |       0 |   0.0
            +---------+---------+-------+---------+---------+-------
